 Dungeon Crawl Stone Soup version 0.22-a0-848-ge9e22a0 (webtiles) character file.

68 Amnesiac the Digger (level 4, -2/30 HPs)
             Began as a Mummy Earth Elementalist on July 26, 2018.
             Slain by a worker ant (3 damage)
             ... on level 4 of the Dungeon.
             The game lasted 00:01:25 (791 turns).

Amnesiac the Digger (Mummy Earth Elementalist)       Turns: 791, Time: 00:01:26

Health: -2/30      AC:  2    Str: 11    XL:     4   Next: 1%
Magic:  0/9        EV: 12    Int: 15    God:
Gold:   40         SH:  0    Dex: 12    Spells: 0/10 levels left

rFire    x . .     SeeInvis .   (no weapon)
rCold    + . .     Gourm    .   (no shield)
rNeg     + + +     Faith    .   d - +0 robe (curse)
rPois    ∞         Spirit   .   (no helmet)
rElec    .         Reflect  .   (no cloak)
rCorr    .         Harm     .   (no gloves)
MR       .....                  (no boots)
Stlth    ++........             (no amulet)
HPRegen  0.10/turn              c - ring of wizardry
MPRegen  0.11/turn              (no ring)

@: no status effects
A: no food or potions, fire vulnerability, cold resistance 1, negative energy
resistance 3, torment resistance, unbreathing
a: no special abilities


You were on level 4 of the Dungeon.
You were not hungry.

You visited 1 branch of the dungeon, and saw 4 of its levels.

You collected 40 gold pieces.

Inventory:

Missiles
 b - 54 stones (quivered)
Armour
 d - a cursed +0 robe (worn)
Jewellery
 c - a ring of wizardry (left hand)
Scrolls
 a - 2 scrolls of remove curse {!r, unknown}
 e - a scroll of random uselessness {!r, unknown}


   Skills:
 - Level 1.5 Dodging
 - Level 1.5 Stealth
 + Level 3.5 Spellcasting
 - Level 0.7 Transmutations
 * Level 3.7 Earth Magic


You couldn't memorise any spells.
You knew the following spells:

 Your Spells              Type           Power        Failure   Level  Hunger
a - Sandblast             Erth           ##....       1%          1    N/A
b - Passwall              Tmut/Erth      #.......     4%          2    N/A
c - Stone Arrow           Conj/Erth      #.....       11%         3    N/A
e - Petrify               Tmut/Erth      #.......     28%         4    N/A

Your spell library contained the following spells:

 Spells                   Type           Power        Failure   Level  Hunger
 Lee's Rapid Deconstruct  Erth           ##........   41%         5    N/A

Dungeon Overview and Level Annotations

Branches:
Dungeon (4/15)
 Temple: D:4-7

Altars:
Ashenzari


Innate Abilities, Weirdness & Mutations

You do not eat or drink.
Your flesh is vulnerable to fire.
You are immune to poison.
Your flesh is cold resistant. (rC+)
You are immune to negative energy. (rN+++)
You are immune to unholy pain and torment.
You can survive without breathing.


Message History

The blast of sand misses the worker ant.
b - 59 stones The worker ant misses you.
Casting: Sandblast (safe; 1% risk of failure)
Confirm with . or Enter, or press ? or * to list all spells.
Aiming: Sandblast (safe; 1% risk of failure)
Press: ? - help, Shift-Dir - straight line, f/p - worker ant
Aim: a worker ant (lightly wounded)
The blast of sand hits the worker ant.
The worker ant is heavily wounded.
b - 58 stones The worker ant bites you.
The worker ant barely misses you.
Casting: Sandblast (safe; 1% risk of failure)
Confirm with . or Enter, or press ? or * to list all spells.
Aiming: Sandblast (safe; 1% risk of failure)
Press: ? - help, Shift-Dir - straight line, f/p - worker ant
Aim: a worker ant (heavily wounded)
The blast of sand hits the worker ant.
The worker ant is severely wounded.
b - 57 stones The worker ant bites you.
* * * LOW HITPOINT WARNING * * *
Casting: Sandblast (safe; 1% risk of failure)
Confirm with . or Enter, or press ? or * to list all spells.
Aiming: Sandblast (safe; 1% risk of failure)
Press: ? - help, Shift-Dir - straight line, f/p - worker ant
Aim: a worker ant (severely wounded)
The blast of sand hits the worker ant.
The worker ant is almost dead.
b - 56 stones The worker ant bites you.
* * * LOW HITPOINT WARNING * * *
Casting: Sandblast (safe; 1% risk of failure)
Confirm with . or Enter, or press ? or * to list all spells.
Aiming: Sandblast (safe; 1% risk of failure)
Press: ? - help, Shift-Dir - straight line, f/p - worker ant
Aim: a worker ant (almost dead)
The blast of sand hits the worker ant.
The worker ant is almost dead.
b - 55 stones The worker ant bites you.
* * * LOW HITPOINT WARNING * * *
Casting: Sandblast (safe; 1% risk of failure)
Confirm with . or Enter, or press ? or * to list all spells.
You don't have enough magic to cast that spell.
Casting: Sandblast (safe; 1% risk of failure)
Confirm with . or Enter, or press ? or * to list all spells.
You don't have enough magic to cast that spell.
Casting: Sandblast (safe; 1% risk of failure)
Confirm with . or Enter, or press ? or * to list all spells.
You don't have enough magic to cast that spell.
The worker ant bites you!
* * * LOW HITPOINT WARNING * * *
The worker ant bites you.
* * * LOW HITPOINT WARNING * * *
Casting: Sandblast (safe; 1% risk of failure)
Confirm with . or Enter, or press ? or * to list all spells.
Aiming: Sandblast (safe; 1% risk of failure)
Press: ? - help, Shift-Dir - straight line, f/p - worker ant
Aim: a worker ant (almost dead)
The blast of sand misses the worker ant.
b - 54 stones The worker ant bites you.
You die...

#############
#............
##..a@.......
#........####
##..###..##
##..####...# #.
##..####....##
....###..##
#......#
.........#
##..###..#
####.....###..##
....
##.........#
....


You could see a worker ant.

Vanquished Creatures
  An orc wizard (D:4)
  An ooze (D:1)
  2 worms (D:3)
  A dart slug (D:3)
  A leopard gecko (D:1)
  3 orcs (D:4)
  3 bats
  A giant cockroach (D:3)
  3 hobgoblins
  A quokka (D:2)
  2 goblins (D:1)
  A kobold (D:1)
  3 rats
23 creatures vanquished.

Notes
Turn   | Place    | Note
-------+----------+-------------------------------------------
     0 | D:1      | Amnesiac the Mummy Earth Elementalist began the quest for the Orb.
     0 | D:1      | Reached XP level 1. HP: 13/13 MP: 4/4
   106 | D:1      | Reached XP level 2. HP: 13/19 MP: 2/5
   142 | D:1      | Learned a level 2 spell: Passwall
   532 | D:3      | Found a shattered altar of Ashenzari.
   551 | D:3      | Reached XP level 3. HP: 19/24 MP: 0/7
   666 | D:4      | Learned a level 3 spell: Stone Arrow
   698 | D:4      | Reached XP level 4. HP: 30/30 MP: 1/9
   753 | D:4      | Learned a level 4 spell: Petrify
   790 | D:4      | HP: 1/30 [worker ant (5)]
   791 | D:4      | Slain by a worker ant

Vault maps used:
D:1:      sevenhm_arrival_forest_fort_small_6
D:2:      uniq_crazy_yiuf_cottage
D:3:      old_standard_altar, nrook_uturn
D:4:      st_stairs_13

Skill      XL: |  1  2 |
---------------+-------+-----
Earth Magic    | 3 |  3.7
Spellcasting   | 3 |  3.5
Dodging        | |  1.5
Stealth        | |  1.5
Transmutations | |  0.7

Action                   |  1- 3 |  4- 6 || total
-------------------------+-------+-------++-------
 Cast: Sandblast         |    41 |    12 ||    53
Armor: Robe              |     3 |       ||     3
Dodge: Dodged            |     7 |     4 ||    11

Table legend:
 A = Spawn XP
 B = Non-spawn XP
 C = Spawn XP percentage of total XP
 D = Spawn monster count
 E = Non-spawn monster count
 F = Spawn count percentage of total count
 G = Total turns spent on level
                    A         B        C        D         E        F      G
               +---------+---------+-------+---------+---------+-------+---------
         Total |       0 |      98 |   0.0 |       0 |      23 |   0.0 |   791
               +---------+---------+-------+---------+---------+-------+---------
           D:1 |       0 |      21 |   0.0 |       0 |      10 |   0.0 |   258
           D:2 |       0 |       8 |   0.0 |       0 |       4 |   0.0 |   162
           D:3 |       0 |      18 |   0.0 |       0 |       5 |   0.0 |   241
           D:4 |       0 |      51 |   0.0 |       0 |       4 |   0.0 |   130
               +---------+---------+-------+---------+---------+-------+---------
